 Dungeon Crawl Stone Soup version 0.30-a0-6-g7c9e10e132 (webtiles) character file.

Game seed: 16359112513844094747

925 Zeldest the Chopper (level 7, -3/56 HPs)
             Began as a Mummy Delver on Aug 22, 2022.
             Was a Follower of Ru.
             Killed from afar by an orc wizard (12 damage)
             ... with a puff of flame
             ... on level 5 of the Dungeon.
             The game lasted 00:10:09 (7282 turns).

Zeldest the Chopper (Mummy Delver)                  Turns: 7282, Time: 00:10:09

Health: -3/56      AC:  8    Str: 17    XL:     7   Next: 84%
Magic:  7/7        EV:  9    Int:  9    God:    Ru [*.....]
Gold:   321        SH:  0    Dex: 14    Spells: 6/6 levels left

rFire   x . .      SeeInvis .    a - +0 hand axe
rCold   + + .      Faith    +    (no shield)
rNeg    + + +      Spirit   .    m - +2 scale mail {rC+}
rPois   ∞          Reflect  .    (no helmet)
rElec   .          Harm     .    (no cloak)
rCorr   .          Rampage  .    (no gloves)
Will    .....                    (no boots)
Stlth   ..........               j - amulet of faith
HPRegen 0.18/turn                k - ring of flight
MPRegen 0.10/turn                (no ring)

@: confused, flying
A: cold resistance 1, negative energy resistance 3, torment resistance 2, heat
vulnerability 1, inability to train dodging, in touch with death 1, no potions
a: Renounce Religion


You were on level 5 of the Dungeon.
You worshipped Ru.
Ru was aware of your devotion.
You visited 2 branches of the dungeon, and saw 8 of its levels.

You collected 321 gold pieces.

Inventory:

Hand Weapons
 a - a +0 hand axe (weapon)
Missiles
 o - 6 poisoned darts (quivered)
Armour
 m - a +2 scale mail of cold resistance (worn)
Jewellery
 j - an amulet of faith (around neck)
 k - a ring of flight (left hand)
Wands
 f - a wand of digging (1)
Scrolls
 b - 3 scrolls of noise
 c - 2 scrolls of fog
 d - 2 scrolls of magic mapping
 e - a scroll of fear
 g - a scroll of poison
 h - 3 scrolls of identify
 i - 3 scrolls of immolation
 l - a scroll of teleportation
 n - a scroll of blinking


   Skills:
 + Level 5.3 Fighting
 * Level 5.5 Axes
 + Level 3.4 Armour
 - Level 4.1 Stealth


You had 6 spell levels left.
You didn't know any spells.
Your spell library contained the following spells:

 Spells                   Type           Power      Damage    Failure   Level
 Sting                    Tmut/Pois      0%         1d3       78%         1
 Olgreb's Toxic Radiance  Pois           0%         N/A       100%        4
 Alistair's Intoxication  Tmut/Pois      0%         N/A       100%        5
 Spider Form              Tmut/Pois      Unusable   N/A       N/A         3
 Blade Hands              Tmut           Unusable   N/A       N/A         5

Dungeon Overview and Level Annotations

Branches:
Dungeon (7/15)             Temple (1/1) D:4

Altars:
Ashenzari
Dithmenos
Gozag
Hepliaklqana
Kikubaaqudgha
Makhleb
Nemelex Xobeh
Qazlal
Ru
Trog
Vehumet
Wu Jian
Xom
Yredelemnul

Annotations:
D:2 Sigmund
D:5 Pikel


Innate Abilities, Weirdness & Mutations

You are immune to poison.
Your flesh is cold resistant. (rC+)
You are immune to negative energy. (rN+++)
You are immune to unholy pain and torment.
You are vulnerable to heat. (rF-)
You cannot train Dodging skill.
You are in touch with the powers of death.
You do not drink.


Message History

The orc hits you but does no damage.
The orc throws a poisoned dart.
The poisoned dart barely misses you. Something hits you but does no damage.
You hear some strange, mumbled words.
You are more confused.
You can't drink.
Unknown command.
The orc hits you with a +0 club. Something hits you. Something hits you.
Something hits you but does no damage.
You're too confused to move!
The orc hits you with a +0 club. Something hits you.
Something hits you but does no damage.
You closely miss something. You hit the orc.
You kill the orc!
You closely miss something.
Something hits you but does no damage. x2
You miss something. You hit something. Something hits you.
You hear some strange, mumbled words.
A puff of flame appears from out of thin air!
The puff of flame hits you! The fire burns you terribly!
You completely miss something. You barely miss something.
Something hits you but does no damage.
The orc throws a poisoned dart.
The poisoned dart barely misses you.
You bump into the rock wall.
An orc wizard appears from thin air!
Reactivating autopickup.
Something hits you.
* * * LOW HITPOINT WARNING * * *
Deactivating autopickup; reactivate with Ctrl-A.
The orc wizard hits you but does no damage.
The orc throws a poisoned dart.
The poisoned dart closely misses you.
You're too confused to move!
You hear some strange, mumbled words.
A puff of flame appears from out of thin air!
The puff of flame hits you. The fire burns you terribly!
* * * LOW HITPOINT WARNING * * *
The orc wizard casts a spell at you. The puff of flame hits you.
* * * LOW HITPOINT WARNING * * *
You bump into the rock wall.
You hear some strange, mumbled words.
A puff of flame appears from out of thin air!
The puff of flame hits you! The fire burns you terribly!
You die...

#####+### #..### #. #.#
##.## #. #.#### #..# ##.
#....### ##.## ##..
####...## ##..# ###.##
###..### #..## #.....
###...#### ##.## #.....
#...........####..# #.....
#.........{@##...## #.....
#.........oo##.########.....
#...........).>.o...........
#....$......#####...(.......
#...........# #........###
#...........# #........#
########## #........#
#........# #........#


You could see an orc wizard and an orc.

Vanquished Creatures
  An ice beast (D:6)
  A centaur (D:5)
  A bullfrog (D:6)
  A howler monkey (D:6)
  2 iguanas
  A gnoll (D:7)
  6 adders
  3 shadow imps
  A white imp (D:5)
  3 ufetubi
  3 worms (D:4)
  3 dart slugs (D:1)
  13 orcs
  8 endoplasms
  3 giant cockroaches
  13 hobgoblins
  9 jackals
  4 kobolds
  4 quokkas
  8 ball pythons
  7 bats
  3 frilled lizards
  8 goblins
  2 rats
108 creatures vanquished.

Vanquished Creatures (collateral kills)
  Grinder (D:5)
  Eustachio (D:5)
  A lemure (D:5)
  A jelly (D:5)
4 creatures vanquished.

Vanquished Creatures (others)
  A lemure (D:5)
  3 demonic plants (D:4)
4 creatures vanquished.

Grand Total: 116 creatures vanquished

Notes
Turn   | Place    | Note
-------+----------+-------------------------------------------
     0 | D:5      | Zeldest the Mummy Delver began the quest for the Orb.
     0 | D:5      | Reached XP level 1. HP: 18/18 MP: 1/1
     3 | D:5      | Noticed a centaur
    10 | D:5      | Noticed Grinder
    15 | D:6      | Noticed a yak
    15 | D:6      | Noticed a yak
    15 | D:6      | Noticed a yak
    50 | D:5      | Noticed a black bear
    55 | D:5      | Noticed a howler monkey
   214 | D:2      | Reached XP level 2. HP: 23/24 MP: 2/2
   949 | D:2      | Noticed Sigmund
  1150 | D:1      | Gained mutation: You are in touch with the powers of death.
                  | [Mummy growth]
  1150 | D:1      | Reached XP level 3. HP: 29/29 MP: 3/3
  1155 | D:1      | Reached skill level 1 in Armour
  1168 | D:1      | Found a faded altar of an unknown god.
  2384 | D:3      | Reached XP level 4. HP: 26/35 MP: 4/4
  3406 | D:4      | Reached XP level 5. HP: 42/42 MP: 5/5
  3526 | D:4      | Found a staircase to the Ecumenical Temple.
  3535 | Temple   | Entered the Ecumenical Temple
  3830 | Temple   | Became a worshipper of Ru the Awakened
  4355 | D:4      | You are sucked into a shaft and drop 3 floors!
  4418 | D:7      | Noticed an orc warrior
  5196 | D:5      | Noticed Pikel
  5196 | D:5      | Noticed a lemure
  5196 | D:5      | Noticed a lemure
  5196 | D:5      | Noticed a lemure
  5210 | D:5      | Noticed a lemure
  5216 | D:5      | Killed a lemure
  5245 | D:5      | Noticed Eustachio
  5250 | D:5      | Reached XP level 6. HP: 48/48 MP: 6/6
  5256 | D:5      | Killed Eustachio
  5294 | D:5      | Killed Grinder
  5295 | D:5      | Reached XP level 7. HP: 23/55 MP: 7/7
  5757 | D:6      | Got Mocral's Book of Nocuous Transmigration
  5785 | D:5      | Reached skill level 5 in Fighting
  5785 | D:5      | Reached skill level 5 in Axes
  5964 | D:6      | Gained mutation: You cannot train Dodging skill. [Ru
                  | sacrifice]
  5964 | D:6      | Reached * piety under Ru
  7282 | D:5      | Killed from afar by an orc wizard

Illustrated notes

Levels and vault maps discovered:
D:1:      dpeg_arrival_brainrot, layout_basic, basic_ecumenical_altar
D:2:      layout_basic, grunt_ministairs_8, uniq_sigmund
D:3:      layout_rooms, minmay_goblin_kobold_house
D:4:      layout_loops_ring, minmay_temple_entry_grid,
          nicolae_ossuary_entry_false_entrances, serial_demonic,
          serial_demonic_g, serial_demonic_f, serial_demonic_g,
          serial_demonic_e, serial_bayou_pond_e, dk_rats_in_the_wall
D:5:      layout_basic, uniq_grinder, uniq_pikel, uniq_eustachio
D:6:      gammafunk_cloud_chamber, layout_loops_corners
D:7:      minmay_clustersquares, layout_basic,
          chequers_temple_overflow_statue_of_worship, serial_bayou_crossing
Temple:   mainiacjoe_temple_big_plus

Skill      XL: |  1  2  3  4  5  6  7 |
---------------+----------------------+-----
Axes           | 2 3 4 5 |  5.5
Armour         | 1 2 3 |  3.4
Fighting       | 4 5 |  5.3
Dodging        | 0 |  0.0
Stealth        | |  4.1

Action                   |  1- 3 |  4- 6 |  7- 9 || total
-------------------------+-------+-------+-------++-------
Melee: Hand axe          |   156 |   200 |    98 ||   454
       Punch             |     2 |     4 |     1 ||     7
Throw: Dart              |       |       |     2 ||     2
Invok: Sacrifice Nimblen |       |       |     1 ||     1
Evoke: Wand              |     1 |     6 |       ||     7
  Use: Scroll            |       |     1 |     6 ||     7
 Stab: Sleeping          |    10 |       |       ||    10
Armor: Ring mail         |    55 |       |       ||    55
       Scale mail        |     2 |   125 |    60 ||   187
Dodge: Dodged            |    97 |   138 |    57 ||   292

Table legend: (Time is in decaauts)
 A = Elapsed time spent in this place.
 B = Non-inter-level travel time spent in this place.
 C = Inter-level travel time spent in this place.
 D = Time resting spent in this place.
 E = Time spent auto-exploring this place.
 F = Levels seen in this place.
 G = Mean time per level.
                   A        B        C        D        E       F      G
               +--------+--------+--------+--------+--------+-----+--------+
         Total |   7349 |   7054 |    295 |   2697 |   2736 |   8 |  918.6 |
       Dungeon |   7031 |   6805 |    226 |   2697 |   2492 |   7 | 1004.4 |
        Temple |    317 |    248 |     69 |      0 |    244 |   1 |  317.0 |
               +--------+--------+--------+--------+--------+-----+--------+

Top non-repeatable levels by time:
     D:6: 1723 daAuts
     D:1: 1388 daAuts
     D:2: 1041 daAuts
     D:4: 997 daAuts
     D:3: 992 daAuts
     D:5: 800 daAuts
  Temple: 317 daAuts
     D:7: 87 daAuts
